 Dungeon Crawl Stone Soup version 0.31-a0-188-g5e087ee2ca (webtiles) character file.

Game seed: 16874139895709348992

1439 qw the Skirmisher (level 8, -5/46 HPs)
             Began as a Deep Elf Hunter on June 22, 2023.
             Was an Initiate of Okawaru.
             Slain by an orc warrior
             ... wielding a +0 halberd
              (6 damage)
             ... on level 6 of the Dungeon.
             The game lasted 00:02:14 (5288 turns).

qw the Skirmisher (Deep Elf Hunter)                 Turns: 5288, Time: 00:02:15

Health: -5/46      AC: 10    Str: 10    XL:     8   Next: 45%
Magic:  10/10      EV: 12    Int: 15    God:    Okawaru [......]
Gold:   393        SH:  0    Dex: 18    Spells: 7/7 levels left

rFire   . . .        Y - +0 shortbow
rCold   . . .        (shield currently unavailable)
rNeg    . . .        i - +0 ring mail
rPois   .            d - +0 helmet
rElec   .            (no cloak)
rCorr   .            (no gloves)
SInv    .            (no boots)
Will    +....        (no amulet)
Stlth   +            f - +4 ring of protection
HPRegen 0.27/turn    a - ring of willpower
MPRegen 0.12/turn

%: no passive effects
@: no status effects
A: no striking features
a: Renounce Religion


You were on level 6 of the Dungeon.
You worshipped Okawaru.
Okawaru was noncommittal.
You visited 2 branches of the dungeon, and saw 7 of its levels.

You collected 393 gold pieces.


   Skills:
 - Level 3.3 Fighting
 + Level 12.7 Ranged Weapons
 - Level 1.9 Armour
 - Level 4.3 Dodging
 - Level 1.2 Stealth


You had 7 spell levels left.
You didn't know any spells.
Your spell library was empty.

Inventory:

Hand Weapons
 Y - a +0 shortbow (weapon)
Armour
 d - a +0 helmet (worn)
 i - a +0 ring mail (worn)
Jewellery
 a - a ring of willpower (right hand)
 f - a +4 ring of protection (left hand)
 m - a ring of poison resistance
Scrolls
 b - a scroll of identify
Potions
 c - a potion of resistance
 e - a potion of curing {unknown}
 g - a potion of might {unknown}
 j - a potion of degeneration {unknown}
 k - 2 potions of brilliance {unknown}
 l - a potion of cancellation {unknown}

Dungeon Overview and Level Annotations

Branches:
Dungeon (6/15)             Temple (1/1) D:5

Altars:
Cheibriados
Dithmenos
Elyvilon
Fedhas
Hepliaklqana
Makhleb
Okawaru
Qazlal
Ru
Sif Muna
Trog
Vehumet
Wu Jian
Xom
Yredelemnul
Zin


Message History

The arrow closely misses the orc warrior.
The orc warrior closely misses you.
You shoot an arrow. The arrow hits the orc warrior.
The orc warrior is moderately wounded.
The orc warrior hits you from afar with a +0 halberd.
You shoot an arrow.
The arrow hits the orc warrior but does no damage.
The orc warrior is moderately wounded.
The orc warrior hits you from afar with a +0 halberd.
You shoot an arrow.
The arrow completely misses the orc warrior.
You shoot an arrow. The arrow hits the orc warrior.
The orc warrior is heavily wounded.
The orc warrior misses you.
You shoot an arrow. The arrow hits the orc warrior.
The orc warrior is severely wounded.
The orc warrior completely misses you.
You shoot an arrow.
The arrow barely misses the orc warrior.
The orc warrior hits you from afar with a +0 halberd!
You shoot an arrow.
The arrow closely misses the orc warrior.
The orc warrior hits you but does no damage.
You shoot an arrow.
The arrow closely misses the orc warrior.
The orc warrior barely misses you.
You shoot an arrow. The arrow hits the orc warrior.
The orc warrior is almost dead.
The orc warrior hits you but does no damage.
You shoot an arrow. The arrow hits the orc warrior.
The orc warrior is almost dead.
The orc warrior closely misses you.
You shoot an arrow.
The arrow hits the orc warrior but does no damage.
The orc warrior is almost dead.
The orc warrior hits you from afar with a +0 halberd!
You shoot an arrow.
The arrow barely misses the orc warrior.
The orc warrior hits you from afar with a +0 halberd.
You die...

#.#
#.##############........#
#.#
#.#.......).......#####.#
#.# #.#..#..#.######..#
#.# #.......#.# #..# #.#
###..#%.#.# #..#
#.....#.# #..# ###'###.#
#..# ~.~ #.######..#
~~.~~#.@)%.....#
#~¤¤.~#..)o.....
#¤~.~~#.###.....
#~~~~~#.# #### #######.#
###


You could see an orc warrior.

Vanquished Creatures
  An ice beast (D:5)
  2 black bears (D:5)
  An ogre (D:5)
  A centaur (D:6)
  3 wights (D:6)
  2 hounds
  5 jellies
  4 sleepcaps
  Natasha (thrice) (D:4)
  4 iguanas
  3 orc wizards
  13 adders
  4 gnolls (D:4)
  A white imp (D:5)
  2 ufetubi (D:4)
  A worm (D:2)
  A dart slug (D:5)
  14 orcs
  7 endoplasms
  A giant cockroach (D:1)
  12 goblins
  11 hobgoblins
  2 jackals (D:1)
  5 quokkas
  6 ball pythons
  9 bats
  5 frilled lizards
  5 kobolds
  5 rats
133 creatures vanquished.

Vanquished Creatures (others)
  An orc priest (D:6)
  A frilled lizard (D:3)
  A rat (D:3)
3 creatures vanquished.

Grand Total: 136 creatures vanquished

Notes
Turn   | Place    | Note
-------+----------+-------------------------------------------
     0 | D:1      | qw the Deep Elf Hunter began the quest for the Orb.
     0 | D:1      | Reached XP level 1. HP: 12/12 MP: 3/3
     0 | D:1      | 0 ||| qw: Version: 0.3-a-9-g12657ce
     0 | D:1      | 0 ||| qw: Game counter: 2940
     0 | D:1      | 0 ||| qw: Always use a shield: true
     0 | D:1      | 0 ||| qw: God list: Okawaru
     0 | D:1      | 0 ||| qw: Allow faded altars: false
     0 | D:1      | 0 ||| qw: Do Orc after D:15 true
     0 | D:1      | 0 ||| qw: Do second Lair branch before Depths: true
     0 | D:1      | 0 ||| qw: Lair rune preference: random
     0 | D:1      | 0 ||| qw: Plans: Normal
     0 | D:1      | 0 ||| PLANNING D:1-11
    87 | D:1      | Reached XP level 2. HP: 16/16 MP: 4/4
   108 | D:1      | Found a faded altar of an unknown god.
   114 | D:1      | Reached skill level 6 in Ranged Weapons
   818 | D:1      | 818 ||| UPGRADING to +0 scale mail.
   828 | D:1      | 828 ||| DROPPING +0 leather armour.
   829 | D:1      | 829 ||| UPGRADING to +4 ring of protection.
   830 | D:1      | 830 ||| READING scroll labelled GYPTOR BORCH.
   831 | D:1      | 831 ||| DROPPING scroll of butterflies.
   927 | D:2      | Reached XP level 3. HP: 18/20 MP: 5/5
  1049 | D:2      | Reached skill level 7 in Ranged Weapons
  1193 | D:2      | Reached XP level 4. HP: 25/25 MP: 6/6
  1547 | D:2      | 1547 ||| UPGRADING to ring of willpower.
  1548 | D:2      | 1548 ||| READING scroll labelled EDWUASS ORYNOAD.
  1549 | D:2      | 1549 ||| READING scroll labelled VEBURE OGIHA.
  1596 | D:3      | Reached skill level 8 in Ranged Weapons
  1607 | D:3      | 1607 ||| FLEEEEING.
  1610 | D:3      | 1610 ||| STAIRDANCE
  1806 | D:3      | Reached XP level 5. HP: 29/29 MP: 7/7
  1813 | D:3      | Found a shimmering altar of Xom.
  2004 | D:3      | 2004 ||| Stepping ~*~*~tactically~*~*~ (outnumbered).
  2044 | D:3      | Reached skill level 9 in Ranged Weapons
  2226 | D:3      | 2226 ||| UPGRADING to +0 ring mail.
  2236 | D:3      | 2236 ||| DROPPING +0 scale mail.
  2237 | D:3      | 2237 ||| READING scroll labelled EPAOCO LEOHIU.
  2240 | D:3      | 2240 ||| READING scroll labelled XUYWANI RYTUGI.
  2296 | D:3      | 2296 ||| READING scroll labelled OXICUZX ACADD.
  2297 | D:3      | 2297 ||| DRINKING 3 purple potions.
  2298 | D:3      | 2298 ||| READING 2 scrolls of identify.
  2298 | D:3      | 2298 ||| IDENTIFYING bubbling brown potion
  2339 | D:4      | Noticed Natasha
  2349 | D:4      | Killed Natasha
  2350 | D:4      | Reached XP level 6. HP: 22/35 MP: 8/8
  2610 | D:4      | Noticed Natasha
  2616 | D:4      | Killed Natasha
  2675 | D:4      | Reached skill level 10 in Ranged Weapons
  2706 | D:4      | Reached skill level 3 in Dodging
  2811 | D:4      | Noticed Natasha
  2815 | D:4      | Killed Natasha
  3338 | D:4      | 3338 ||| UPGRADING to +0 helmet.
  3343 | D:4      | 3343 ||| DRINKING 2 fuming dark potions.
  3448 | D:4      | 3448 ||| DROPPING potion of berserk rage.
  3484 | D:5      | Entered Level 5 of the Dungeon
  3535 | D:5      | Reached XP level 7. HP: 25/40 MP: 9/9
  3614 | D:5      | Reached skill level 1 in Armour
  3922 | D:5      | Found a stormy altar of Qazlal.
  3939 | D:5      | Reached skill level 11 in Ranged Weapons
  3961 | D:5      | Found a shadowy altar of Dithmenos.
  4147 | D:5      | Reached skill level 12 in Ranged Weapons
  4147 | D:5      | Reached XP level 8. HP: 44/44 MP: 10/10
  4268 | D:5      | Found a staircase to the Ecumenical Temple.
  4269 | D:5      | 4269 ||| PLANNING TEMPLE
  4269 | D:5      | 4269 ||| READING scroll labelled FITHUILONK.
  4270 | D:5      | 4270 ||| READING 3 scrolls labelled ERCHETR ESEKHOG.
  4271 | D:5      | 4271 ||| DROPPING 2 scrolls of immolation.
  4278 | Temple   | Entered the Ecumenical Temple
  4279 | Temple   | 4279 ||| PLANNING OKAWARU WORSHIP
  4317 | Temple   | Became a worshipper of Warmaster Okawaru
  4318 | Temple   | 4318 ||| PLANNING D:1-11
  4448 | D:5      | Found a hazy altar of Hepliaklqana.
  4757 | D:6      | Reached skill level 3 in Fighting
  4840 | D:6      | 4840 ||| Stepping ~*~*~tactically~*~*~ (cloud).
  4843 | D:6      | 4843 ||| Stepping ~*~*~tactically~*~*~ (cloud).
  4845 | D:6      | 4845 ||| Stepping ~*~*~tactically~*~*~ (cloud).
  4981 | D:6      | HP: 10/44 [wight/+3 battleaxe (9)]
  4982 | D:6      | 4982 ||| DRINKING 2 potions of heal wounds.
  5211 | D:6      | Found a glowing silver altar of Zin.
  5265 | D:6      | HP: 10/46 [orc warrior/+0 halberd (18)]
  5266 | D:6      | 5266 ||| DRINKING potion of heal wounds.
  5282 | D:6      | HP: 10/46 [orc warrior/+0 halberd (7)]
  5287 | D:6      | HP: 1/46 [orc warrior/+0 halberd (11)]
  5288 | D:6      | Slain by an orc warrior

Levels and vault maps discovered:
D:1:      dpeg_arrival_court, layout_loops_ring,
          shapermc_ecumenical_altar_ellora, nicolae_figureground_sparkle
D:2:      layout_loops_ring
D:3:      layout_basic, xom_confusion_cloud, minmay_fractal_squares_diagonal_5
D:4:      layout_basic, uniq_natasha
D:5:      layout_basic, grunt_dithmenos_smoke, mainiacjoe_overflow_boulevard,
          grunt_qazlal_clouds, minmay_temple_entry_hall
D:6:      layout_loops_ring, kennysheep_little_box, serial_shops, shop,
          serial_aquarium, aquarium_bridge_square [aquarium_subvault_bridge,
          aquarium_subvault_bridge, aquarium_subvault_bridge,
          aquarium_subvault_wall], aquarium_bridge_straight
          [aquarium_subvault_bridge, aquarium_subvault_wall,
          aquarium_subvault_bridge, aquarium_subvault_wall], aquarium_window_1,
          aquarium_window_1, aquarium_window_1, aquarium_window_1,
          aquarium_view_2c, aquarium_view_2c, aquarium_balcony_1b
Temple:   hellmonk_temple_of_storms

Skill      XL: |  1  2  3  4  5  6  7  8 |
---------------+-------------------------+-----
Ranged Weapons | 6 7 8 9 10 12 | 12.7
Fighting       | 2 3 |  3.3
Dodging        | 3 4 |  4.3
Armour         | 1 |  1.9
Stealth        | |  1.2

Action                     |  1- 3 |  4- 6 |  7- 9 || total
---------------------------+-------+-------+-------++-------
   Fire: Shortbow          |   104 |   246 |   230 ||   580
    Use: Scroll            |     1 |     6 |     2 ||     9
         Potion            |       |     2 |     2 ||     4
 Armour: Leather armour    |     6 |       |       ||     6
         Scale mail        |    16 |    44 |       ||    60
         Ring mail         |       |    28 |    40 ||    68
  Dodge: Dodged            |    19 |   108 |    66 ||   193

Table legend:
 A = Non-vault XP
 B = Vault XP
 C = Vault XP percentage of total XP
 D = Non-vault monster count
 E = Vault monster count
 F = Vault count percentage of total count
                 A         B        C        D         E       F
            +---------+---------+-------+---------+---------+-------
      Total |    1930 |     127 |   6.2 |     113 |      20 |  15.0
            +---------+---------+-------+---------+---------+-------
        D:1 |      34 |       0 |   0.0 |      21 |       0 |   0.0
        D:2 |      82 |       0 |   0.0 |      20 |       0 |   0.0
        D:3 |      96 |      92 |  48.9 |      15 |      19 |  55.9
        D:4 |     387 |      35 |   8.3 |      25 |       1 |   3.8
        D:5 |     821 |       0 |   0.0 |      19 |       0 |   0.0
        D:6 |     510 |       0 |   0.0 |      13 |       0 |   0.0
            +---------+---------+-------+---------+---------+-------
